 Dungeon Crawl Stone Soup version 0.24.0-37-gcf1ca852f1 (webtiles) character file.

Game seed: 2943245621316888661, levelgen mode: deterministic

465 Kobolds4U the Sneak (level 6, -2/32 HPs)
             Began as a Deep Elf Conjurer on Dec 8, 2019.
             Was an Initiate of Ashenzari.
             Killed from afar by Ijyb (18 damage)
             ... with a bolt of acid
             ... on level 3 of the Dungeon.
             The game lasted 00:11:25 (3874 turns).

Kobolds4U the Sneak (Deep Elf Conjurer)             Turns: 3874, Time: 00:11:25

Health: -2/32      AC: 10    Str:  7    XL:     6   Next: 80%
Magic:  0/14       EV: 12    Int: 20    God:    Ashenzari [......]
Gold:   170        SH:  0    Dex: 15    Spells: 7/13 levels left

rFire    . . .     SeeInvis .   w - +2 dagger (elec)
rCold    . . .     Gourm    .   (no shield)
rNeg     . . .     Faith    .   p - +3 leather armour {rPois} (curse)
rPois    +         Spirit   .   j - +1 hat (curse)
rElec    .         Reflect  .   r - scarf {cloud immunity} (curse)
rCorr    .         Harm     .   d - +0 pair of gloves
MR       .....                  (no boots)
Stlth    +++.......             (no amulet)
HPRegen  0.10/turn              t - +2 ring of protection
MPRegen  0.14/turn              l - ring of poison resistance

@: very slightly contaminated
A: no striking features
a: Curse Item, Renounce Religion


You were on level 3 of the Dungeon.
You worshipped Ashenzari.
Ashenzari was noncommittal.
You were hungry.

You visited 1 branch of the dungeon, and saw 3 of its levels.

You collected 170 gold pieces.

Inventory:

Hand Weapons
 a - a +2 rapier of venom
 e - a +0 dagger
 w - a +2 dagger of electrocution (weapon)
Armour
 d - a +0 pair of gloves (worn)
 j - a cursed +1 hat (worn)
 p - a cursed +3 leather armour of poison resistance (worn)
 r - a cursed scarf of cloud immunity (worn)
Jewellery
 l - a ring of poison resistance (right hand)
 t - a +2 ring of protection (left hand)
Scrolls
 g - 2 scrolls of amnesia {unknown}
 h - 4 scrolls of teleportation
 i - 3 scrolls of magic mapping
 k - 2 scrolls of identify
 m - 2 scrolls of enchant armour {unknown}
 q - a scroll of fear {unknown}
 s - a scroll of enchant weapon {unknown}
Potions
 f - a potion of cancellation {unknown}
 n - a potion of might {unknown}
 o - 2 potions of curing
 u - 2 potions of ambrosia
 v - a potion of degeneration {unknown}
Comestibles
 b - 9 chunks of flesh
 c - 9 rations


   Skills:
 * Level 1.3 Short Blades
 - Level 2.4 Dodging
 + Level 7.4 Stealth
 - Level 4.0 Spellcasting
 - Level 5.0 Conjurations
 + Level 3.6 Hexes


You had 7 spell levels left.
You knew the following spells:

 Your Spells              Type           Power        Failure   Level  Hunger
a - Magic Dart            Conj           ###.         2%          1    None
b - Searing Ray           Conj           ###...       3%          2    #......
c - Dazzling Spray        Conj/Hex       ###...       10%         3    ###....

Your spell library contained the following spells:

 Spells                   Type           Power        Failure   Level  Hunger
 Iskenderun's Mystic Bla  Conj           ###.....     24%         4    ####...
 Fulminant Prism          Conj/Hex       ###.......   32%         4    ####...
 Force Lance              Conj/Tloc      ##......     56%         4    ####...


Dungeon Overview and Level Annotations

Branches:
Dungeon (3/15)

Altars:
Ashenzari

Annotations:
D:3 1 runed translucent door, FishyPogo's ghost, amateur GnSk; Ijyb


Message History

Aim: Ijyb, wielding a +0 dagger, wearing a +0 scale mail of poison resistance and carrying a wand of acid (6) (heavily wounded, blind, hasn't noticed you)
Okay, then.
Casting: Searing Ray (safe; 3% risk of failure)
Confirm with . or Enter, or press ? or * to list all spells.
Aiming: Dazzling Spray (safe; 10% risk of failure)
Press: ? - help, Shift-Dir - straight line, f/p - Ijyb
Aim: Ijyb, wielding a +0 dagger, wearing a +0 scale mail of poison resistance and carrying a wand of acid (6) (heavily wounded, blind, hasn't noticed you)
The spray of energy misses Ijyb.
Casting: Dazzling Spray (safe; 10% risk of failure)
Confirm with . or Enter, or press ? or * to list all spells.
Aiming: Dazzling Spray (safe; 10% risk of failure)
Press: ? - help, Shift-Dir - straight line, f/p - Ijyb
Aim: Ijyb, wielding a +0 dagger, wearing a +0 scale mail of poison resistance and carrying a wand of acid (6) (heavily wounded, blind)
You miscast Dazzling Spray.
You are very lightly contaminated with residual magic.
Nothing appears to happen.
Ijyb is no longer blind.
You see here a +0 club.
Ijyb zaps a wand.
The bolt of acid hits you!!
Ouch! That really hurt!
You die...

.# #.# #......).##. <####.#
####.....##. ...##)# #.....##.
.#.##รท# ###.####. .#.##.#
#########^.# #< .#.##)#
##.g.......## #) .#.##.#
#..........* #.
.#.##.###########)#8.....8#* #)
............)...@.#.......# #.
......#########.###8.....8# #.
.#.##.##...)).....#.).....# #.
.........####.....#8....(8#****#.
..>...#####.......#......)#,,,,..
............#.....#8.....8#,***##
#####.###........>#,,,,,,,*,,****
#####.###.###.....#**###***,,,,,,
......##...###....# #.# *,******


You could see Ijyb.

Vanquished Creatures
  Sigmund (D:3)
  A crimson imp (D:3)
  An orc priest (D:3)
  2 orc wizards (D:3)
  Natasha (D:3)
  Robin (D:3)
  8 adders
  An ooze (D:1)
  A worm (D:3)
  4 dart slugs
  2 leopard geckos (D:3)
  5 orcs (D:3)
  3 giant cockroaches
  16 goblins
  8 hobgoblins
  3 kobolds
  2 ball pythons
  5 bats
  2 frilled lizards
  A leopard gecko skeleton (D:3)
  5 rats
73 creatures vanquished.

Notes
Turn   | Place    | Note
-------+----------+-------------------------------------------
     0 | D:1      | Kobolds4U the Deep Elf Conjurer began the quest for the
                  | Orb.
     0 | D:1      | Reached XP level 1. HP: 10/10 MP: 6/6
   475 | D:1      | Reached skill level 3 in Stealth
   625 | D:1      | Reached XP level 2. HP: 8/15 MP: 8/8
   756 | D:1      | Learned a level 2 spell: Searing Ray
  1318 | D:2      | Reached skill level 4 in Stealth
  1618 | D:2      | Found a shattered altar of Ashenzari.
  1626 | D:2      | Became a worshipper of Ashenzari the Shackled
  1808 | D:2      | Reached XP level 3. HP: 19/19 MP: 4/9
  2033 | D:3      | Reached XP level 4. HP: 23/24 MP: 2/11
  2049 | D:3      | Reached skill level 5 in Stealth
  2311 | D:3      | Learned a level 3 spell: Dazzling Spray
  2804 | D:3      | Reached skill level 1 in Hexes
  2806 | D:3      | Noticed Robin
  2812 | D:3      | Reached XP level 5. HP: 26/28 MP: 6/12
  2818 | D:3      | Killed Robin
  3084 | D:3      | Reached skill level 5 in Conjurations
  3085 | D:3      | Noticed Natasha
  3097 | D:3      | Noticed Sigmund
  3226 | D:3      | Reached skill level 6 in Stealth
  3327 | D:3      | Killed Sigmund
  3327 | D:3      | Reached skill level 7 in Stealth
  3327 | D:3      | Reached XP level 6. HP: 20/32 MP: 3/14
  3472 | D:3      | Killed Natasha
  3551 | D:3      | Found a runed translucent door.
  3551 | D:3      | Noticed FishyPogo's ghost (amateur GnSk)
  3656 | D:3      | Reached skill level 1 in Short Blades
  3720 | D:3      | Noticed Ijyb
  3874 | D:3      | Killed from afar by Ijyb

Levels and vault maps discovered:
D:1:      lightli_arrival_quake, layout_loops_corners
D:2:      layout_loops_cross, lemuel_crystal_altar
D:3:      kennysheep_the_goblin_king, layout_loops_ring,
          hellmonk_ghost_happy_afterlife, uniq_robin, uniq_natasha, uniq_sigmund

Skill      XL: |  1  2  3  4  5  6 |
---------------+-------------------+-----
Stealth        | 3 4 5 7 |  7.4
Hexes          | 1 3 |  3.6
Spellcasting   | 4 |  4.0
Conjurations   | 5 |  5.0
Short Blades   | 1 |  1.3
Dodging        | |  2.4

Action                   |  1- 3 |  4- 6 || total
-------------------------+-------+-------++-------
Melee: Dagger            |    51 |    51 ||   102
       Rapier            |       |    32 ||    32
 Cast: Magic Dart        |    17 |    61 ||    78
       Searing Ray       |     2 |     9 ||    11
       Dazzling Spray    |       |     4 ||     4
Invok: Curse Item        |       |     3 ||     3
  Use: Scroll            |       |     4 ||     4
 Stab: Sleeping          |     5 |     1 ||     6
  Eat: Chunk             |     3 |     6 ||     9
Armor: Robe              |     5 |       ||     5
       Leather armour    |    16 |    33 ||    49
Dodge: Dodged            |    55 |    52 ||   107
